 Dungeon Crawl Stone Soup version 0.31.0-11-ge490571c62 (webtiles) character file.

Game seed: 9497698025302274680

567 qw the Shooter (level 7, -2/35 HPs)
             Began as a Spriggan Hunter on Feb 3, 2024.
             Slain by a gnoll
             ... wielding a +0 spear
             ... led by a gnoll bouda
              (4 damage)
             ... on level 4 of the Dungeon.
             The game lasted 00:00:16 (3277 turns).

qw the Shooter (Spriggan Hunter)                    Turns: 3277, Time: 00:00:17

Health: -2/35      AC:  2    Str:  7    XL:     7   Next: 11%
Magic:  8/8        EV: 18    Int: 11    God:
Gold:   211        SH:  0    Dex: 20    Spells: 6/6 levels left

rFire   . . .        a - +2 shortbow
rCold   + . .        (shield currently unavailable)
rNeg    . . .        c - +0 robe
rPois   .            (helmet restricted)
rElec   .            (no cloak)
rCorr   .            (gloves unavailable)
SInv    +            (boots unavailable)
Will    +....        (no amulet)
Stlth   ++           e - ring of protection from cold
HPRegen 0.25/turn    (no ring)
MPRegen 0.11/turn

%: no passive effects
@: constricted, very quick
A: very small, no large weapons, unfitting armour, see invisible, speed 3
a: no special abilities


You were on level 4 of the Dungeon.
You visited 2 branches of the dungeon, and saw 5 of its levels.

You collected 211 gold pieces.


Innate Abilities, Weirdness & Mutations

You are very small and have problems with some larger weapons.
You are too small for most types of armour.
You have supernaturally acute eyesight. (SInv)
You cover ground extremely quickly. (Speed+++)


   Skills:
 - Level 2.2 Fighting
 - Level 7.0 Ranged Weapons
 + Level 6.5 Dodging
 - Level 1.5 Stealth


You had 6 spell levels left.
You didn't know any spells.
Your spell library was empty.

Inventory:

Hand Weapons
 a - a +2 shortbow (weapon)
Armour
 c - a +0 robe (worn)
Jewellery
 e - a ring of protection from cold (left hand)
Wands
 b - a wand of charming (5)
 k - a wand of iceblast (24)
Potions
 d - 2 potions of curing
 g - a potion of attraction {unknown}
 h - 2 potions of mutation {unknown}
 j - a potion of enlightenment {unknown}

Dungeon Overview and Level Annotations

Branches:
Dungeon (4/15)             Temple (1/1) D:4

Altars:
Ashenzari
Cheibriados
Dithmenos
Elyvilon
Gozag
Kikubaaqudgha
Nemelex Xobeh
Qazlal
Sif Muna
Trog
Vehumet
Wu Jian
Xom
Yredelemnul
Zin
The Shining One


Message History

You kill the hound!
A gnoll comes into view. It is wielding a +0 flail.
The gnoll misses you.
Your Ranged Weapons skill increases to level 7!
You shoot an arrow. The arrow barely misses the gnoll.
The gnoll misses you. The gnoll barely misses you.
You shoot an arrow. The arrow barely misses the gnoll.
You hear an angry hiss.
The gnoll misses you.
The gnoll hits you from afar with a +0 spear.
The gnoll completely misses you.
You shoot an arrow. The arrow hits the gnoll!
The gnoll is severely wounded.
The gnoll hits you from afar with a +0 spear.
The gnoll closely misses you. x2
You shoot an arrow. The arrow hits the gnoll.
The gnoll is severely wounded.
The gnoll completely misses you.
The gnoll hits you from afar with a +0 spear.
You shoot an arrow. The arrow barely misses the gnoll.
The gnoll closely misses you. x2
You shoot an arrow. The arrow hits the gnoll.
You kill the gnoll!
A giant cockroach comes into view.
The gnoll closely misses you.
You shoot an arrow. The arrow hits the giant cockroach!
You kill the giant cockroach!
The gnoll completely misses you.
You shoot an arrow. The arrow barely misses the gnoll.
A ball python comes into view.
The gnoll closely misses you.
You shoot an arrow.
The arrow closely misses the ball python.
The ball python bites you. The ball python barely misses you.
The gnoll completely misses you. The ball python misses you.
The ball python grabs you. The ball python constricts you.
You shoot an arrow.
The arrow barely misses the ball python.
The gnoll hits you from afar with a +0 spear.
You die...

#.########............#
#.## #............#
#..# ##############
##[###### #...#.#.#
#..#.[#.## #..###..#.#
#..# ##..## #..# ##@)#
#.# ##S# #. #.g# #
#g.## #.g# .g.# ..g#
####


You could see a gnoll and a ball python.

Vanquished Creatures
  A phantom (D:4)
  A scorpion (D:3)
  A bombardier beetle (D:4)
  A gnoll bouda (D:4)
  An orc priest (D:4)
  2 hounds (D:4)
  Ijyb (D:4)
  An orc wizard (D:4)
  5 adders
  7 gnolls (D:4)
  2 ribbon worms
  2 dart slugs (D:2)
  11 orcs
  10 ball pythons
  5 bats
  9 endoplasms
  7 giant cockroaches
  12 goblins
  9 hobgoblins
  6 jackals
  4 quokkas
  2 frilled lizards
  3 kobolds
  4 rats
107 creatures vanquished.

Notes
Turn   | Place    | Note
-------+----------+-------------------------------------------
     0 | D:1      | qw the Spriggan Hunter began the quest for the Orb.
     0 | D:1      | Reached XP level 1. HP: 10/10 MP: 2/2
     0 | D:1      | 0 ||| qw: Version: 0.3-a-157-g843a77d
     0 | D:1      | 0 ||| qw: Game counter: 3790
     0 | D:1      | 0 ||| qw: Melee chars always use a shield: true
     0 | D:1      | 0 ||| qw: God list: Okawaru
     0 | D:1      | 0 ||| qw: Allow faded altars: false
     0 | D:1      | 0 ||| qw: Do Orc after clearing Dungeon:15 true
     0 | D:1      | 0 ||| qw: Do second Lair branch before Depths: true
     0 | D:1      | 0 ||| qw: Lair rune preference: random
     0 | D:1      | 0 ||| qw: Goals: Normal
     0 | D:1      | 0 ||| PLANNING D:1-11
    66 | D:1      | Reached skill level 3 in Dodging
   155 | D:1      | Reached XP level 2. HP: 14/14 MP: 3/3
   571 | D:1      | 571 ||| DROPPING ring of wizardry.
   572 | D:1      | 572 ||| READING scroll labelled RIREYD WIEDUWE.
   573 | D:1      | 573 ||| DRINKING 2 metallic silvery potions.
   574 | D:1      | 574 ||| DROPPING scroll of butterflies.
   630 | D:2      | Reached XP level 3. HP: 18/18 MP: 4/4
   718 | D:2      | Identified the +8 rapier of Jiomas {antimagic, Str+3}
   721 | D:2      | Found a sparkling altar of Nemelex Xobeh.
   980 | D:2      | Reached skill level 5 in Ranged Weapons
  1084 | D:2      | Found a faded altar of an unknown god.
  1150 | D:2      | 1150 ||| UPGRADING to ring of protection from cold.
  1151 | D:2      | 1151 ||| READING scroll labelled JUNKATAXZ REHI.
  1151 | D:2      | 1151 ||| ENCHANTING +0 shortbow.
  1204 | D:3      | Reached XP level 4. HP: 11/22 MP: 5/5
  1255 | D:3      | Found a snail-covered altar of Cheibriados.
  1423 | D:3      | 1423 ||| READING scroll of enchant weapon.
  1423 | D:3      | 1423 ||| ENCHANTING +1 shortbow.
  1593 | D:3      | Noticed a scorpion
  1598 | D:3      | Killed a scorpion
  1609 | D:3      | Identified the +4 mace "Biule" {flame, +Blink}
  1669 | D:3      | Reached XP level 5. HP: 26/26 MP: 6/6
  1937 | D:3      | 1937 ||| READING 2 scrolls labelled OWIFAE OCIAC.
  1938 | D:3      | 1938 ||| DRINKING 3 bubbling red potions.
  1939 | D:3      | 1939 ||| DROPPING 2 potions of degeneration.
  1940 | D:3      | 1940 ||| DROPPING scroll of poison.
  1942 | D:3      | 1942 ||| Stepping ~*~*~tactically~*~*~ (cloud).
  2001 | D:4      | 2001 ||| PLANNING SEWER
  2032 | D:4      | 2032 ||| FLEEEEING.
  2205 | D:4      | Found a staircase to the Ecumenical Temple.
  2262 | D:4      | Noticed Ijyb
  2268 | D:4      | Killed Ijyb
  2402 | D:4      | Reached XP level 6. HP: 30/30 MP: 7/7
  2428 | D:4      | Reached skill level 6 in Ranged Weapons
  2453 | D:4      | Reached skill level 6 in Dodging
  2453 | D:4      | 2453 ||| FLEEEEING.
  2456 | D:4      | 2456 ||| FLEEEEING.
  2457 | D:4      | 2457 ||| FLEEEEING.
  2458 | D:4      | 2458 ||| FLEEEEING.
  2459 | D:4      | 2459 ||| FLEEEEING.
  2460 | D:4      | 2460 ||| FLEEEEING.
  2461 | D:4      | 2461 ||| FLEEEEING.
  2462 | D:4      | 2462 ||| FLEEEEING.
  2463 | D:4      | 2463 ||| FLEEEEING.
  2465 | D:4      | 2465 ||| FLEEEEING.
  2466 | D:4      | 2466 ||| FLEEEEING.
  2468 | D:4      | 2468 ||| FLEEEEING.
  2469 | D:4      | 2469 ||| FLEEEEING.
  2470 | D:4      | 2470 ||| FLEEEEING.
  2472 | D:4      | 2472 ||| FLEEEEING.
  2473 | D:4      | 2473 ||| FLEEEEING.
  2475 | D:4      | 2475 ||| FLEEEEING.
  2481 | D:4      | 2481 ||| FLEEEEING.
  2482 | D:4      | 2482 ||| FLEEEEING.
  2483 | D:4      | 2483 ||| FLEEEEING.
  2484 | D:4      | 2484 ||| FLEEEEING.
  2487 | D:4      | 2487 ||| FLEEEEING.
  2488 | D:4      | 2488 ||| FLEEEEING.
  2489 | D:4      | 2489 ||| FLEEEEING.
  2490 | D:4      | 2490 ||| FLEEEEING.
  2491 | D:4      | 2491 ||| FLEEEEING.
  2492 | D:4      | 2492 ||| FLEEEEING.
  2493 | D:4      | 2493 ||| FLEEEEING.
  2495 | D:4      | 2495 ||| FLEEEEING.
  2498 | D:4      | 2498 ||| FLEEEEING.
  2499 | D:4      | 2499 ||| FLEEEEING.
  2769 | D:4      | Found a shadowy altar of Dithmenos.
  2840 | D:4      | 2840 ||| RIP SEWER
  2916 | D:4      | 2916 ||| PLANNING TEMPLE
  2916 | D:4      | 2916 ||| READING scroll labelled BAIP FOTALL.
  2916 | D:4      | 2916 ||| IDENTIFYING grey potion
  2917 | D:4      | 2917 ||| READING scroll labelled RYURCH ONTATT.
  3018 | D:4      | 3018 ||| DROPPING potion of invisibility.
  3048 | Temple   | Entered the Ecumenical Temple
  3049 | Temple   | 3049 ||| PLANNING D:1-11
  3242 | D:4      | 3242 ||| RETREEEEATING.
  3257 | D:4      | Reached XP level 7. HP: 22/35 MP: 8/8
  3268 | D:4      | Reached skill level 7 in Ranged Weapons
  3270 | D:4      | HP: 7/35 [gnoll/+0 spear[a gnoll bouda] (6)]
  3271 | D:4      | HP: 2/35 [gnoll/+0 spear[a gnoll bouda] (5)]
  3276 | D:4      | HP: 2/35 [ball python (2)]
  3277 | D:4      | Slain by a gnoll

Levels and vault maps discovered:
D:1:      orjb1_lava_funnel, layout_loops_ring
D:2:      layout_loops_cross, basic_altar,
          hellmonk_ecumenical_altar_inner_sanctum
D:3:      layout_basic, cheibriados_altar_1
D:4:      minmay_diamond_boxcup, layout_basic, grunt_dithmenos_smoke,
          minmay_temple_entry_hall, gup_sewer_entry_bowl, grunt_ministairs_14,
          minmay_fractal_squares_gapless_5, uniq_ijyb
Temple:   eino_temple_water

Skill      XL: |  1  2  3  4  5  6  7 |
---------------+----------------------+-----
Dodging        | 3 4 5 6 |  6.5
Ranged Weapons | 5 6 7 |  7.0
Fighting       | 2 |  2.2
Stealth        | |  1.5

Action                     |  1- 3 |  4- 6 |  7- 9 || total
---------------------------+-------+-------+-------++-------
   Fire: Shortbow          |   118 |   181 |    21 ||   320
    Use: Scroll            |     2 |     4 |       ||     6
         Potion            |     1 |     1 |       ||     2
 Armour: Robe              |    11 |    30 |    10 ||    51
  Dodge: Dodged            |    31 |    76 |    35 ||   142

Table legend:
 A = Non-vault XP
 B = Vault XP
 C = Vault XP percentage of total XP
 D = Non-vault monster count
 E = Vault monster count
 F = Vault count percentage of total count
                 A         B        C        D         E       F
            +---------+---------+-------+---------+---------+-------
      Total |     644 |     167 |  20.6 |      91 |      16 |  15.0
            +---------+---------+-------+---------+---------+-------
        D:1 |      39 |       0 |   0.0 |      23 |       0 |   0.0
        D:2 |      49 |       0 |   0.0 |      14 |       0 |   0.0
        D:3 |     113 |       0 |   0.0 |      14 |       0 |   0.0
        D:4 |     443 |     167 |  27.4 |      40 |      16 |  28.6
            +---------+---------+-------+---------+---------+-------
